 Dungeon Crawl Stone Soup version 0.20.1-1-g8b1a95d (webtiles) character file.

112 schauveau the Chopper (level 4, -2/39 HPs)
             Began as a Hill Orc Monk on Dec 10, 2017.
             Slain by an ice beast (13 damage)
             ... on level 3 of the Dungeon.
             The game lasted 00:04:24 (2733 turns).

schauveau the Chopper (Hill Orc Monk)               Turns: 2733, Time: 00:04:25

Health: -2/39      AC:  4    Str: 14    XL:     4   Next: 95%
Magic:  0/4        EV: 14    Int: 10    God:
Gold:   119        SH:  0    Dex: 13    Spells: 3/3 levels left

rFire    . . .     SeeInvis .   a - +1 hand axe
rCold    . . .     Gourm    .   (no shield)
rNeg     . . .     Faith    .   j - +0 leather armour
rPois    .         Spirit   +   (no helmet)
rElec    .         Reflect  .   s - +0 cloak
rCorr    .         Harm     .   (no gloves)
MR       +....                  (no boots)
Stlth    ++........             k - amulet of guardian spirit
Regen    0.2/turn               e - ring of protection from magic
MPRegen  0.1/turn               c - +2 ring of evasion

@: no status effects
A: no striking features
a: no special abilities


You were on level 3 of the Dungeon.
You were hungry.

You visited 1 branch of the dungeon, and saw 4 of its levels.

You collected 119 gold pieces.

Inventory:

Hand Weapons
 a - a +1 hand axe (weapon)
Missiles
 n - 35 bolts
 o - 65 arrows
Armour
 b - a +0 robe
 j - a +0 leather armour (worn)
 s - a +0 cloak (worn)
Jewellery
 c - a +2 ring of evasion (right hand)
 d - an uncursed ring of flight
 e - a ring of protection from magic (left hand)
 k - an amulet of guardian spirit (around neck)
Scrolls
 m - a scroll of recharging
 p - 2 scrolls of identify
 q - a scroll of amnesia
 r - a scroll of remove curse
 t - a scroll of teleportation
Potions
 f - 2 potions of agility
 g - a potion of flight {unknown}
 l - 3 potions of mutation {unknown}
Comestibles
 h - a chunk of flesh
 i - 3 meat rations


   Skills:
 - Level 3.6 Fighting
 * Level 7.2 Axes
 - Level 2.4 Dodging
 - Level 1.5 Stealth


You had 3 spell levels left.
You didn't know any spells.

Dungeon Overview and Level Annotations

Branches:
Dungeon (4/15)
 Temple: D:4-7

Altars:
Uskayaw


Message History

The ice beast is moderately wounded.
The ice beast closely misses you.
You closely miss the ice beast.
The ice beast is moderately wounded.
The ice beast barely misses you.
You completely miss the ice beast.
The ice beast is moderately wounded.
The ice beast misses you.
You barely miss the ice beast.
The ice beast is moderately wounded.
The ice beast hits you. The ice beast freezes you!
You barely miss the ice beast.
The ice beast is moderately wounded.
The ice beast hits you. The ice beast freezes you!
You barely miss the ice beast.
The ice beast is moderately wounded.
The ice beast hits you.
* * * LOW HITPOINT WARNING * * *
The ice beast freezes you!
You die...

##.#..#####..#########
##.#.........#
...##.######.#
..###<.......## #.#
#######...## ..##
##.....## .#.##
#.......##
....####.........####...
.......+........@Yl.....
.....###.........####...
.#.#.# ##.......##
.###.# ##.....## .# .#
##...## ####.#######+#
.....#.......#
.....#.......#
###.##.......##


You could see an ice beast and a frilled lizard.

Vanquished Creatures
  5 adders
  An ooze (D:3)
  3 leopard geckos
  An orc (D:3)
  A giant cockroach (D:1)
  5 goblins
  10 hobgoblins
  8 jackals (D:1)
  A quokka (D:3)
  9 bats
  A frilled lizard (D:1)
  6 kobolds
  5 rats
56 creatures vanquished.

Notes
Turn   | Place    | Note
-------+----------+-------------------------------------------
     0 | D:1      | schauveau the Hill Orc Monk began the quest for the Orb.
     0 | D:1      | Reached XP level 1. HP: 19/19 MP: 1/1
   396 | D:1      | Reached XP level 2. HP: 25/26 MP: 2/2
   462 | D:1      | Reached skill level 5 in Axes
   670 | D:1      | Reached XP level 3. HP: 9/31 MP: 3/3
  1390 | D:2      | Noticed a hand axe
  1390 | D:2      | Noticed a hand axe
  1393 | D:2      | Found a hide-covered altar of Uskayaw.
  1402 | D:2      | Reached skill level 6 in Axes
  1870 | D:2      | Reached XP level 4. HP: 15/39 MP: 4/4
  2532 | D:3      | Reached skill level 7 in Axes
  2721 | D:3      | Noticed an ice beast
  2733 | D:3      | Slain by an ice beast

Skill      XL: |  1  2  3  4 |
---------------+-------------+-----
Axes           | 5 6 7 |  7.2
Fighting       | |  3.6
Dodging        | |  2.4
Stealth        | |  1.5

Action                   |  1- 3 |  4- 6 || total
-------------------------+-------+-------++-------
Melee: Hand axe          |   151 |    62 ||   213
  Use: Scroll            |     4 |     3 ||     7
 Stab: Sleeping          |     2 |       ||     2
  Eat: Bread ration      |     1 |       ||     1
       Chunk             |     1 |       ||     1
Armor: Robe              |    11 |       ||    11
       Leather armour    |    34 |     6 ||    40
Dodge: Dodged            |   118 |    36 ||   154
